 Dungeon Crawl Stone Soup version 0.20.0-4-g10b340a (webtiles) character file.

19901 Reinor the Thaumaturge (level 12, -7/55 (56) HPs)
             Began as a Spriggan Earth Elementalist on May 28, 2017.
             Was a High Priest of Vehumet.
             Killed from afar by Azrael (42 damage)
             ... with damnation
             ... on level 12 of the Dungeon.
             The game lasted 00:52:27 (18789 turns).

Reinor the Thaumaturge (SpEE)                      Turns: 18789, Time: 00:52:28

HP:   -7/55 (56)    AC:  3    Str:  4    XL:     12   Next: 40%
MP:   12/31         EV: 27    Int: 22    God:    Vehumet [*****.]
Gold: 419           SH:  0    Dex: 21    Spells: 12/39 levels left

rFire    + . .     SeeInvis +   e - staff of conjuration
rCold    + . .     Gourm    .   (shield currently unavailable)
rNeg     + . .     Faith    .   s - +1 robe {rC+ rF+}
rPois    .         Spirit   .   (helmet restricted)
rElec    .         Reflect  .   (no cloak)
rCorr    .         Harm     .   (gloves unavailable)
MR       ++...                  (boots unavailable)
Stlth    +++.......             A - amulet of magic regeneration
Regen    0.2/turn               L - ring of positive energy
MPRegen  0.4/turn               J - +5 ring of dexterity

@: very quick
A: unfitting armour, see invisible, herbivore 3, speed 3, slow metabolism 2
a: Renounce Religion


You were on level 12 of the Dungeon.
You worshipped Vehumet.
Vehumet was extremely pleased with you.
You were not hungry.

You visited 2 branches of the dungeon, and saw 13 of its levels.
You also visited: Sewer.

You collected 809 gold pieces.
You spent 390 gold pieces at shops.

Inventory:

Hand Weapons
 v - a +2 blowgun
Missiles
 b - 121 stones (quivered)
 f - 11 curare-tipped needles
 w - 12 poisoned needles
 K - 5 needles of confusion
Armour
 s - a +1 robe of resistance (worn)
Magical Staves
 e - an uncursed staff of conjuration (weapon)
Jewellery
 A - an amulet of magic regeneration (around neck)
 J - a +5 ring of dexterity (right hand)
 L - a ring of positive energy (left hand)
Wands
 c - a wand of confusion (19/48)
 t - a wand of flame (25/48)
 C - a wand of paralysis (14/24)
 F - a wand of paralysis (11/24)
 G - a wand of clouds (2/9)
Scrolls
 a - 6 scrolls of remove curse
 i - 5 scrolls of teleportation
 j - 3 scrolls of amnesia
 p - a scroll of recharging
 q - a scroll of identify
 D - 2 scrolls of immolation
 N - a scroll of fear
Potions
 g - 3 potions of heal wounds
 h - 7 potions of curing
 k - 3 potions of lignification
 l - 4 potions of haste
 m - 2 potions of ambrosia {unknown}
 o - 3 potions of flight
 r - 3 potions of brilliance {unknown}
 u - 3 potions of agility
 x - a potion of might
 E - a potion of mutation {unknown}
 I - a potion of cancellation {unknown}
Books
 H - a book of Misfortune

   Spells                             Type                      Level
   a - Confusing Touch                Hexes                        1
   b - Confuse                        Hexes                        3
   c - Gell's Gravitas                Translocation                3
   d - Petrify                        Transmutation/Earth          4
   e - Metabolic Englaciation         Hexes/Ice                    5
   f - Yara's Violent Unravelling     Hexes/Transmutation          5
Comestibles
 d - 7 bread rations
 n - 24 fruits
 M - 3 royal jellies


   Skills:
 - Level 3.0 Fighting
 - Level 10.0 Dodging
 - Level 3.0 Stealth
 + Level 14.4 Spellcasting
 + Level 3.1 Conjurations
 - Level 3.0 Hexes
 - Level 3.0 Necromancy
 + Level 6.3 Transmutations
 + Level 0.5 Air Magic
 + Level 11.6 Earth Magic


You had 12 spell levels left.
You knew the following spells:

 Your Spells              Type           Power        Failure   Level  Hunger
a - Sandblast             Erth           ######       1%          1    None
b - Passwall              Tmut/Erth      ######....   1%          2    None
c - Stone Arrow           Conj/Erth      ######       1%          3    None
d - Petrify               Tmut/Erth      ######..     1%          4    None
e - Lee's Rapid Deconstr  Erth           ######....   1%          5    ###....
f - Inner Flame           Hex/Fire       ###.....     1%          3    None
g - Bolt of Draining      Conj/Necr      #####.....   8%          5    ###....
h - Airstrike             Air            ###.......   9%          4    None


Dungeon Overview and Level Annotations

Branches:
Dungeon (12/15)            Temple (1/1) D:5            Lair (0/6) D:10
    Orc (0/2) D:10

Altars:
Cheibriados
Dithmenos
Elyvilon
Gozag
Hepliaklqana
Kikubaaqudgha
Makhleb
Nemelex Xobeh
Okawaru
Ru
Sif Muna
Uskayaw
Vehumet
Zin

Shops:
D:8 =

Annotations:
D:2 Terence
D:5 McKennaii's ghost, novice OpAs
D:12 Azrael


Innate Abilities, Weirdness & Mutations

You are very small and have problems with some larger weapons.
You are too small for most types of armour.
You have supernaturally acute eyesight. (SInv)
You are a herbivore.
You cover ground extremely quickly.
You need consume almost no food.


Message History

The blast of sand hits the fire elemental.
The fire elemental is almost destroyed.
b - 122 stones The fire elemental hits you.
The fire elemental burns you! You resist.
Casting: Sandblast
Confirm with . or Enter, or press ? or * to list all spells.
Aiming: Sandblast
Press: ? - help, Shift-Dir - straight line, f/p - fire elemental
Aim: a fire elemental (almost destroyed)
The blast of sand hits the fire elemental.
You destroy the fire elemental!
Vehumet accepts your kill.
You feel your power returning.
b - 121 stones Azrael gestures at you.
The fireball explodes!
The fireball engulfs you! You resist. Azrael gestures at you.
The sphere of damnation explodes!
The damnation engulfs you!
Ouch! That really hurt!
You die...

#####..# #............#.....
.....#.########............#.....
..............+............'>....
.....##.#######............#.....
)....##..######)...........#.....
.....###.#...)')........)..).....
.....# #...####............######
.....# ##..# #........)[..#
.....# #..# #.@.....)....# .....#
##.## ###.########## .....# #.)#
#.# ###### #.(# #§# #..# #§#
#..## #§# ##########...# #.#
...........#.## #R#
############..# #§#


You could see Azrael.

Vanquished Creatures
  2 hydras
  3 two-headed ogres
  Pikel (D:7)
  2 ugly things
  A wolf spider zombie (D:11)
  2 deep elf magi (D:12)
  A cyclops (D:12)
  A manticore (D:11)
  A centaur zombie (D:11)
  Joseph (D:7)
  A gargoyle (D:11)
  4 trolls
  Prince Ribbit (D:7)
  3 slime creatures (D:12)
  The ghost of Deathclocker the Poker, an amateur MfGl of Ashenzari (Sewer)
  Grinder (D:4)
  6 hippogriffs
  2 dream sheep (D:10)
  Sigmund (D:3)
  2 wraiths (D:11)
  A vampire (D:11)
  A wyvern (D:8)
  2 yaks (D:10)
  3 fire elementals (D:12)
  A hungry ghost (D:10)
  A soldier ant (D:11)
  2 hell hounds (D:12)
  Duvessa (D:6)
  6 orc warriors
  2 black bears
  5 sky beasts
  A necrophage (D:11)
  2 ice beasts
  A slave (D:7)
  An eye of draining (D:10)
  5 ogres
  7 centaurs
  10 big kobolds
  An elf zombie (D:11)
  7 bullfrogs
  A wyvern skeleton (D:10)
  3 scorpions
  A water moccasin skeleton (D:11)
  Dowan (D:6)
  5 killer bees (D:11)
  2 howler monkeys (D:9)
  A troll skeleton (D:11)
  8 wights
  5 crimson imps
  2 quasits (D:9)
  4 hounds
  3 human zombies (D:11)
  8 orc priests
  3 jellies
  4 bullfrog skeletons
  2 centaur skeletons
  15 orc wizards
  A human skeleton (D:11)
  4 iguanas
  7 worker ants
  An ogre zombie (D:11)
  A hound skeleton (D:4)
  A mummy (D:11)
  A worker ant zombie (D:6)
  Robin (D:2)
  15 gnolls
  15 adders
  4 river rats (Sewer)
  9 oozes
  2 adder skeletons (D:5)
  3 adder zombies
  A worm (D:2)
  3 dart slugs
  4 leopard geckos
  70 orcs
  3 ball pythons
  4 bats
  9 giant cockroaches
  20 goblins
  10 hobgoblins
  9 jackals
  3 quokkas
  11 frilled lizards
  33 kobolds
  An orc zombie (D:11)
  32 rats
443 creatures vanquished.

Vanquished Creatures (others)
  A slave (D:9)
  A necrophage (D:7)
  A centaur (D:7)
  A howler monkey (D:9)
  A centaur zombie (D:7)
  A hound (D:7)
  A howler monkey skeleton (D:7)
  A jackal zombie (D:7)
  A fungus (D:3)
  6 toadstools (D:3)
15 creatures vanquished.

Grand Total: 458 creatures vanquished

Notes
Turn   | Place    | Note
-------+----------+-------------------------------------------
     0 | D:1      | Reinor the Spriggan Earth Elementalist began the quest for the Orb.
     0 | D:1      | Reached XP level 1. HP: 9/9 MP: 5/5
   172 | D:1      | Reached skill level 3 in Spellcasting
   210 | D:1      | Reached XP level 2. HP: 8/13 MP: 0/7
   634 | D:1      | Learned a level 2 spell: Passwall
   831 | D:2      | Found a faded altar of an unknown god.
   891 | D:2      | Reached XP level 3. HP: 16/16 MP: 2/9
  1025 | D:2      | Reached skill level 4 in Spellcasting
  1025 | D:2      | Reached XP level 4. HP: 20/21 MP: 6/11
  1030 | D:2      | Learned a level 3 spell: Stone Arrow
  1035 | D:2      | Learned a level 4 spell: Petrify
  1607 | D:2      | Noticed Terence
  2133 | D:2      | Noticed Robin
  2138 | D:2      | Killed Robin
  2523 | D:3      | Noticed Sigmund
  2531 | D:3      | Killed Sigmund
  2531 | D:3      | Reached skill level 5 in Dodging
  2531 | D:3      | Reached skill level 5 in Spellcasting
  2531 | D:3      | Reached XP level 5. HP: 19/24 MP: 7/13
  2531 | D:3      | Reached XP level 6. HP: 22/28 MP: 7/14
  2636 | D:3      | Found a hide-covered altar of Uskayaw.
  3234 | D:3      | Found a snail-covered altar of Cheibriados.
  3234 | D:3      | Found a glowing silver altar of Zin.
  3236 | D:3      | Found a sparkling altar of Nemelex Xobeh.
  3848 | D:3      | Noticed an ice beast
  3882 | D:3      | Killed an ice beast
  3882 | D:3      | Reached skill level 6 in Spellcasting
  3882 | D:3      | Reached XP level 7. HP: 15/32 MP: 15/17
  4081 | D:3      | Reached skill level 5 in Earth Magic
  4600 | D:4      | Learned a level 5 spell: Lee's Rapid Deconstruction
  4670 | D:4      | Noticed Grinder
  4682 | D:4      | Killed Grinder
  5598 | D:4      | Reached skill level 7 in Spellcasting
  6096 | D:5      | Entered Level 5 of the Dungeon
  6174 | D:5      | Reached XP level 8. HP: 21/36 MP: 15/19
  6256 | D:5      | Found a glowing drain.
  6294 | Sewer    | Entered a sewer
  6339 | Sewer    | Noticed Deathclocker's ghost (amateur MfGl)
  6481 | Sewer    | Killed Deathclocker's ghost
  6481 | Sewer    | Reached skill level 1 in Fighting
  6989 | Sewer    | Reached skill level 8 in Spellcasting
  7526 | D:5      | Found a staircase to the Ecumenical Temple.
  7532 | D:5      | Noticed McKennaii's ghost (novice OpAs)
  7540 | Temple   | Entered the Ecumenical Temple
  7575 | Temple   | Became a worshipper of Vehumet
  8233 | D:5      | Found a burning altar of Makhleb.
  8536 | D:6      | Noticed Dowan
  8540 | D:6      | Noticed Duvessa
  8542 | D:6      | Killed Dowan
  8573 | D:6      | Killed Duvessa
  8573 | D:6      | Reached XP level 9. HP: 20/44 MP: 0/22
  9141 | D:6      | Reached * piety under Vehumet
  9141 | D:6      | Offered knowledge of Magic Dart by Vehumet.
  9145 | D:6      | Reached skill level 1 in Conjurations
  9824 | D:6      | Reached skill level 9 in Spellcasting
  9968 | D:7      | Noticed Pikel
  9999 | D:7      | Killed Pikel
 10293 | D:7      | Noticed Joseph
 10298 | D:7      | Killed Joseph
 10298 | D:7      | Reached skill level 5 in Transmutations
 10505 | D:7      | Noticed Prince Ribbit
 10517 | D:7      | Killed Prince Ribbit
 10543 | D:7      | Got a translucent quarterstaff
 10544 | D:7      | Identified the +4 quarterstaff of Stickiness {antimagic, +Fly rC- Str+6 Dex+4} (You found it on level 7 of the Dungeon)
 10927 | D:7      | Reached XP level 10. HP: 49/49 MP: 12/24
 11249 | D:8      | Reached skill level 10 in Spellcasting
 11451 | D:8      | Reached ** piety under Vehumet
 11451 | D:8      | Offered knowledge of Sting by Vehumet.
 11621 | D:8      | Noticed a two-headed ogre
 11646 | D:8      | Killed a two-headed ogre
 11798 | D:8      | Found Fauteso's Jewellery Boutique.
 12588 | D:9      | Reached skill level 11 in Spellcasting
 13207 | D:9      | Offered knowledge of Dazzling Spray by Vehumet.
 13290 | D:10     | Entered Level 10 of the Dungeon
 13311 | D:10     | Found a staircase to the Lair.
 13720 | D:8      | Bought an uncursed amulet of magic regeneration for 390 gold pieces
 14405 | D:10     | Reached *** piety under Vehumet
 14599 | D:10     | Reached skill level 12 in Spellcasting
 14609 | D:10     | Reached XP level 11. HP: 42/52 MP: 8/28
 14718 | D:10     | Noticed a three-headed hydra
 14730 | D:10     | Killed a three-headed hydra
 14730 | D:10     | Reached skill level 10 in Earth Magic
 14922 | D:10     | Offered knowledge of Inner Flame by Vehumet.
 14964 | D:10     | Learned a level 3 spell: Inner Flame
 15169 | D:10     | Found a staircase to the Orcish Mines.
 15715 | D:11     | Noticed a red ugly thing
 15742 | D:11     | Killed a red ugly thing
 15906 | D:11     | Reached skill level 13 in Spellcasting
 15922 | D:11     | Reached **** piety under Vehumet
 16094 | D:11     | Offered knowledge of Bolt of Draining by Vehumet.
 16194 | D:11     | Learned a level 5 spell: Bolt of Draining
 16297 | D:11     | Found an ancient bone altar of Kikubaaqudgha.
 16695 | D:11     | Noticed a two-headed ogre
 16823 | D:11     | Killed a two-headed ogre
 16836 | D:11     | Noticed a two-headed ogre
 16848 | D:11     | Killed a two-headed ogre
 17042 | D:11     | Reached skill level 10 in Dodging
 17316 | D:11     | Reached skill level 1 in Hexes
 17595 | D:11     | Reached skill level 1 in Necromancy
 17723 | D:12     | Noticed Azrael
 17817 | D:12     | Reached XP level 12. HP: 42/55 MP: 8/30
 17954 | D:12     | Reached skill level 14 in Spellcasting
 18161 | D:12     | Noticed a six-headed hydra
 18175 | D:12     | Killed a six-headed hydra
 18286 | D:12     | Reached ***** piety under Vehumet
 18286 | D:12     | Offered knowledge of Airstrike by Vehumet.
 18292 | D:12     | Learned a level 4 spell: Airstrike
 18789 | D:12     | Killed from afar by Azrael

Skill      XL: |  1  2  3  4  5  6  7  8  9 10 11 12 |
---------------+-------------------------------------+-----
Spellcasting   | 3 4 5 6 7 8 9 12 13 14 | 14.4
Earth Magic    | 3 4 5 6 7 9 11 | 11.6
Dodging        | 4 5 6 8 10 | 10.0
Fighting       | 3 |  3.0
Transmutations | 5 6 |  6.3
Conjurations   | 3 |  3.1
Hexes          | 1 3 |  3.0
Necromancy     | 1 3 |  3.0
Stealth        | |  3.0
Air Magic      | |  0.5

Action                   |  1- 3 |  4- 6 |  7- 9 | 10-12 || total
-------------------------+-------+-------+-------+-------++-------
Melee: Unarmed           |     1 |    21 |       |       ||    22
       Spear             |       |   105 |    11 |       ||   116
       Dagger            |       |       |   369 |   232 ||   601
 Fire: Blowgun           |       |       |    11 |     1 ||    12
 Cast: Sandblast         |    44 |    62 |    38 |   114 ||   258
       Stone Arrow       |       |    19 |    87 |   319 ||   425
       Passwall          |       |     2 |       |       ||     2
Evoke: Wand              |       |     3 |     3 |     1 ||     7
  Use: Scroll            |     5 |       |     8 |     8 ||    21
       Potion            |       |     1 |     3 |       ||     4
 Stab: Sleeping          |       |     4 |     7 |     5 ||    16
       Confused          |       |     2 |       |       ||     2
  Eat: Bread ration      |       |     1 |     1 |       ||     2
       Royal jelly       |       |       |       |     2 ||     2
Armor: Robe              |     3 |    14 |    39 |    26 ||    82
Dodge: Dodged            |    20 |   165 |   450 |   416 ||  1051
